 Dungeon Crawl Stone Soup version 0.22-a0-542-gce4f928 (webtiles) character file.

5375 inc the Covert (level 10, -12/60 HPs)
             Began as an Octopode Enchanter on June 24, 2018.
             Was an Initiate of Gozag.
             Mangled by a spiny frog (22 damage)
             ... on level 1 of the Lair of Beasts.
             The game lasted 00:31:31 (13971 turns).

inc the Covert (Octopode Enchanter)                Turns: 13971, Time: 00:31:38

Health: -12/60     AC:  1    Str:  8    XL:     10   Next: 66%
Magic:  12/22      EV: 12    Int: 20    God:    Gozag
Gold:   405        SH:  4    Dex: 13    Spells: 7/25 levels left

rFire    . . .     SeeInvis .   a - +1 dagger
rCold    . . .     Gourm    .   (no shield)
rNeg     + + .     Faith    .   (helmet restricted)
rPois    +         Spirit   .   n - +4 amulet of reflection
rElec    +         Reflect  +   d - ring of positive energy
rCorr    .         Harm     .   F - ring "Tohaorgho" {rElec rPois rN+ MR+}
MR       +....                  (no ring)
Stlth    +++++.....             (no ring)
HPRegen  0.20/turn              (no ring)
MPRegen  0.18/turn              (no ring)
                                (no ring)
                                (no ring)

@: lethally poisoned (-12 -> -23), heavily drained
A: almost no armour, stealthy swim, amphibious, 8 rings, constrict 8, camouflage
1, gelatinous body 1
a: Potion Petition, Call Merchant, Bribe Branch, Renounce Religion


You were on level 1 of the Lair of Beasts.
You worshipped Gozag.
Gozag was aware of your devotion.
You were full.

You visited 3 branches of the dungeon, and saw 11 of its levels.

You collected 1829 gold pieces.
You spent 669 gold pieces at shops.
You paid 755 gold pieces to Gozag.

Inventory:

Hand Weapons
 a - a +1 dagger (weapon)
 b - a +1 blowgun
Missiles
 v - 8 curare-tipped needles
 x - 50 poisoned needles
Jewellery
 d - a ring of positive energy (left tentacle)
 n - a +4 amulet of reflection (around mantle)
 s - an uncursed amulet of harm
 F - the ring "Tohaorgho" (right tentacle) {rElec rPois rN+ MR+}
   (You bought it in a shop on level 1 of the Lair of Beasts)

   [ring of poison resistance]

   It insulates you from electricity.
   It protects you from poison.
   It protects you from negative energy.
   It affects your resistance to hostile enchantments.
Wands
 h - a wand of digging (19)
 y - a wand of flame (21)
 A - a wand of random effects (20)
 E - a wand of iceblast (8)
Scrolls
 e - 6 scrolls of remove curse
 g - a scroll of teleportation
 m - a scroll of fog
 q - a scroll of immolation {unknown}
 t - 2 scrolls of amnesia
 u - a scroll of noise
 w - 3 scrolls of magic mapping {unknown}
 z - a scroll of enchant armour
Potions
 f - 4 potions of curing
 i - 2 potions of agility
 j - a potion of degeneration
 k - 2 potions of haste
 l - a potion of might
 o - 3 potions of brilliance
 p - 3 potions of lignification
 r - a potion of resistance
 B - 2 potions of flight
 C - a potion of ambrosia
 D - a potion of mutation
Comestibles
 c - 2 rations


   Skills:
 - Level 2.0(0.4) Fighting
 - Level 2.0(0.4) Short Blades
 - Level 2.0(0.4) Dodging
 - Level 10.6(8.6) Stealth
 - Level 8.4(6.5) Spellcasting
 - Level 3.5(1.8) Conjurations
 + Level 8.3(6.4) Hexes
 - Level 5.3(3.5) Ice Magic


You had 7 spell levels left.
You knew the following spells:

 Your Spells              Type           Power        Failure   Level  Hunger
a - Corona                Hex            ####...      1%          1    None
b - Ensorcelled Hibernat  Hex/Ice        ####..       1%          2    None
c - Confuse               Hex            ####....     1%          3    #......
d - Cause Fear            Hex            ####......   7%          4    ###....
e - Blink                 Tloc           N/A          16%         2    None
f - Mephitic Cloud        Conj/Pois/Air  #.......     22%         3    #......
g - Dazzling Spray        Conj/Hex       ###...       5%          3    #......

Your spell library contained the following spells:

 Spells                   Type           Power        Failure   Level  Hunger
 Magic Dart               Conj           ##..         4%          1    None
 Conjure Flame            Conj/Fire      ##......     21%         3    #......
 Slow                     Hex            ####....     1%          2    None
 Call Imp                 Summ           #.......     16%         2    None
 Regeneration             Chrm/Necr      #.........   30%         3    #......
 Tukima's Dance           Hex            ####....     1%          3    #......
 Portal Projectile        Hex/Tloc       ###...       8%          3    #......
 Leda's Liquefaction      Hex/Erth       ###.......   26%         4    ###....
 Shroud of Golubria       Chrm/Tloc      #.........   16%         2    None
 Inner Flame              Hex/Fire       ###.....     8%          3    #......
 Infusion                 Chrm           #...         10%         1    None
 Song of Slaying          Chrm           #.......     16%         2    None
 Spectral Weapon          Hex/Chrm       ###.....     8%          3    #......


Dungeon Overview and Level Annotations

Branches:
Dungeon (9/15)             Temple (1/1) D:4            Lair (1/6) D:9
    Orc: D:9-12

Altars:
Ashenzari
Cheibriados
Dithmenos
Elyvilon
Fedhas
Gozag
Hepliaklqana
Kikubaaqudgha
Makhleb
Nemelex Xobeh
Okawaru
Qazlal
Ru
Sif Muna
Trog
Uskayaw
Vehumet
Wu Jian
Xom
Yredelemnul
Zin
The Shining One

Shops:
D:8 %   Lair:1 =

Annotations:
D:7 3 runed doors, psellion's ghost, novice TrMo
D:8 3 runed doors, inc's ghost, novice OpIE


Innate Abilities, Weirdness & Mutations

You cannot wear most types of armour.
You are very stealthy in the water. (Stealth+)
You are amphibious.
You can wear up to eight rings at the same time.
You can use your tentacles to constrict eight enemies at once.
Your skin changes colour to match your surroundings (Stealth+).
Your rubbery body absorbs attacks. (AC +1, EV +1)


Message History

Confirm with . or Enter, or press ? or * to list all spells.
Aiming: Ensorcelled Hibernation (safe; 1% risk of failure)
Press: ? - help, Shift-Dir - straight line, f/p - spiny frog
Aim: a spiny frog (chance to defeat MR: 55%)
The spiny frog resists with significant effort.
You feel sick. The spiny frog stings you.
Casting: Ensorcelled Hibernation (safe; 1% risk of failure)
Confirm with . or Enter, or press ? or * to list all spells.
Aiming: Ensorcelled Hibernation (safe; 1% risk of failure)
Press: ? - help, Shift-Dir - straight line, f/p - spiny frog
Aim: a spiny frog (chance to defeat MR: 55%)
The spiny frog looks drowsy...
You feel sick.
The helpless spiny frog fails to defend itself.
You impale the spiny frog!! Your grab misses the spiny frog.
The spiny frog is severely wounded.
You feel sick. The spiny frog stings you!!
* * * LOW HITPOINT WARNING * * *
The spiny frog stings you!!
You die...
Your body crumbles into a pile of gold.

## #.# #............. .#
#.# #..........(.. ####
#.# #.....h.......
##P### ##.# ##
#......h..... .....#
#..##..# ♣...F$...!..
.#..## ##....#
#♣.......... ###.##
#.#### #........... #..#
#.########.........%.
#.##
#.##..@F.............
##.##
#.##..###..##.♣♣.....
#P.P######.P#...#######♣
♣.... ##....∩........##
...# #########.#.#.# ###
#..##..# ##.....#
#....## #.####


You could see a spiny frog.

Vanquished Creatures
  3 spiny frogs (Lair:1)
  Edmund (D:4)
  A water moccasin (Lair:1)
  Duvessa (D:5)
  2 orc warriors
  5 sky beasts
  A centaur (D:5)
  3 ogres
  A black bear (D:5)
  11 wolves (Lair:1)
  3 crocodiles (Lair:1)
  Blork the orc (D:5)
  3 bullfrogs
  2 big kobolds
  A scorpion (D:4)
  Dowan (D:5)
  9 killer bees
  An electric eel (D:6)
  A centaur zombie (D:8)
  3 crimson imps
  A quasit (D:5)
  2 jellies
  3 hounds
  3 orc priests
  A bullfrog skeleton (D:6)
  3 orc wizards
  A centaur skeleton (D:7)
  An iguana (D:6)
  4 worker ants
  A hound zombie (D:5)
  A hound skeleton (D:4)
  A worker ant zombie (D:7)
  10 gnolls
  8 adders
  A shadow imp (D:6)
  2 oozes
  2 adder zombies
  A worm (D:3)
  4 dart slugs
  4 leopard geckos
  21 orcs
  3 ball pythons (D:3)
  11 bats
  9 giant cockroaches
  2 gnoll zombies (D:6)
  32 goblins
  32 hobgoblins
  4 quokkas
  5 frilled lizards
  15 kobolds
  2 quokka skeletons (D:6)
  3 rats
247 creatures vanquished.

Vanquished Creatures (others)
  2 fungi (Lair:1)
  A plant (Lair:1)
3 creatures vanquished.

Grand Total: 250 creatures vanquished

Notes
Turn   | Place    | Note
-------+----------+-------------------------------------------
     0 | D:1      | inc the Octopode Enchanter began the quest for the Orb.
     0 | D:1      | Reached XP level 1. HP: 11/11 MP: 3/3
    26 | D:1      | Found a shattered altar of Ashenzari.
   293 | D:1      | Reached XP level 2. HP: 15/17 MP: 5/5
   561 | D:1      | You fall through a shaft!
   573 | D:1      | Learned a level 2 spell: Ensorcelled Hibernation
   863 | D:1      | Reached XP level 3. HP: 20/21 MP: 6/6
  1109 | D:2      | Found a hazy altar of Hepliaklqana.
  1112 | D:2      | Found a shadowy altar of Dithmenos.
  1726 | D:3      | Reached XP level 4. HP: 27/27 MP: 7/7
  1737 | D:3      | Learned a level 3 spell: Confuse
  1955 | D:3      | Reached skill level 5 in Hexes
  2791 | D:4      | Noticed Edmund
  2852 | D:4      | Reached XP level 5. HP: 26/31 MP: 8/8
  3042 | D:4      | Found a staircase to the Ecumenical Temple.
  3077 | Temple   | Entered the Ecumenical Temple
  3084 | Temple   | Became a worshipper of Gozag Ym Sagoz the Greedy
  3567 | D:5      | Entered Level 5 of the Dungeon
  3580 | D:5      | Noticed Blork the orc
  3586 | D:5      | Found a white marble altar of Elyvilon.
  3651 | D:5      | Noticed Duvessa
  3767 | D:5      | Noticed a sky beast
  3942 | D:6      | Reached XP level 6. HP: 36/36 MP: 5/10
  4155 | D:5      | Noticed a black bear
  4162 | D:5      | Killed a black bear
  4234 | D:5      | Noticed Dowan
  4830 | D:6      | Reached skill level 5 in Spellcasting
  4830 | D:6      | Reached XP level 7. HP: 13/41 MP: 11/14
  5221 | D:6      | Reached skill level 1 in Ice Magic
  5453 | D:6      | HP: 1/41 [hobgoblin/club (3)]
  5458 | D:6      | HP: 1/41 [hobgoblin/club (1)]
  6000 | D:6      | Found a basalt altar of Yredelemnul.
  6780 | D:6      | Reached XP level 8. HP: 46/46 MP: 12/15
  6880 | D:6      | Reached skill level 5 in Ice Magic
  7685 | D:7      | Found a deep blue altar of Sif Muna.
  7912 | D:5      | Found a bloodstained altar of Trog.
  7966 | D:5      | Reached skill level 1 in Fighting
  7991 | D:5      | Reached skill level 5 in Stealth
  8235 | D:5      | Reached skill level 6 in Stealth
  8297 | D:5      | Reached skill level 7 in Stealth
  8819 | D:4      | Killed Edmund
  8819 | D:4      | Reached skill level 8 in Stealth
  9238 | D:5      | Killed Blork the orc
  9238 | D:5      | Reached skill level 9 in Stealth
  9428 | D:7      | Reached XP level 9. HP: 54/54 MP: 16/16
  9709 | D:8      | Reached skill level 10 in Stealth
 10043 | D:8      | Found Affev's Food Shop.
 10331 | D:8      | Bought a ration for 50 gold pieces
 10331 | D:8      | Bought a ration for 50 gold pieces
 10625 | D:8      | Learned a level 4 spell: Cause Fear
 10628 | D:8      | Learned a level 2 spell: Blink
 10663 | D:8      | Noticed an enchanted dagger
 10664 | D:8      | Found a hide-covered altar of Uskayaw.
 10664 | D:8      | Noticed a hand axe
 10722 | D:8      | Found a sparkling altar of Nemelex Xobeh.
 10786 | D:7      | Found a runed gate.
 10787 | D:7      | Found a runed gate.
 10787 | D:7      | Found a runed gate.
 11082 | D:7      | Learned a level 3 spell: Mephitic Cloud
 11337 | D:7      | Noticed psellion's ghost (novice TrMo)
 12186 | D:5      | Killed Dowan
 12209 | D:5      | Killed Duvessa
 12597 | D:9      | Found a staircase to the Lair.
 12641 | D:8      | Found a stormy altar of Qazlal.
 12660 | D:8      | Found a runed gate.
 12660 | D:8      | Found a runed gate.
 12660 | D:8      | Found a runed gate.
 12660 | D:8      | Noticed inc's ghost (novice OpIE)
 13077 | D:9      | Learned a level 3 spell: Dazzling Spray
 13204 | Lair:1   | Entered Level 1 of the Lair of Beasts
 13220 | Lair:1   | Noticed an eight-headed hydra
 13231 | Lair:1   | Noticed a spiny frog
 13236 | Lair:1   | Killed a spiny frog
 13236 | Lair:1   | Reached XP level 10. HP: 60/60 MP: 19/22
 13377 | Lair:1   | Noticed a spiny frog
 13421 | Lair:1   | Noticed a spiny frog
 13428 | Lair:1   | Killed a spiny frog
 13472 | Lair:1   | Noticed a spiny frog
 13574 | Lair:1   | Noticed a spiny frog
 13796 | Lair:1   | Bought the ring "Tohaorgho" {rElec rPois rN+ MR+} for 569 gold pieces
 13952 | Lair:1   | Killed a spiny frog
 13953 | Lair:1   | Noticed a spiny frog
 13971 | Lair:1   | Mangled by a spiny frog

Vault maps used:
D:1:      tarquinn_simple_flora_water_c, ashenzari_altar_1
D:2:      overflow_temple_1_default, grunt_dithmenos_smoke
D:3:      first_ration
D:4:      minmay_temple_entry_junction, minmay_misc_feat_tiny, uniq_edmund
D:5:      old_standard_altar, hangedman_decor_clover_reticule, st_stairs_1,
          trog_three_pillars_becter, uniq_duvessa, uniq_blork_the_orc
D:6:      minmay_goblin_kobold_castle, lemuel_zombie_altar_yredelemnul
D:7:      lemuel_round_altar, gammafunk_ghost_necromancy
D:8:      kennysheep_mini_moat, dancing_weapons_uskayaw, grunt_qazlal_sundering,
          serial_shops, nicolae_shop_statue_plus, gammafunk_ghost_necromancy,
          david_nohive_1
D:9:      lair_entry_dummy
Temple:   cyrus_circular_temple
Lair:1:   st_stairs_4, grunt_forest_large_clearings, grunt_megastairs_2

Skill      XL: |  1  2  3  4  5  6  7  8  9 10 |
---------------+-------------------------------+-----
Hexes          | 4 5 8 |  8.3
Short Blades   | 2 |  2.0
Spellcasting   | 3 5 8 |  8.4
Ice Magic      | 4 5 |  5.3
Fighting       | 1 2 |  2.0
Stealth        | 9 10 | 10.6
Conjurations   | 3 |  3.5
Dodging        | |  2.0

Action                   |  1- 3 |  4- 6 |  7- 9 | 10-12 || total
-------------------------+-------+-------+-------+-------++-------
Melee: Dagger            |    68 |    81 |   317 |    20 ||   486
       Constrict         |    13 |    18 |    61 |       ||    92
       Tentacles         |    10 |    10 |    40 |       ||    60
 Cast: Corona            |     1 |       |     2 |       ||     3
       Ensorcelled Hiber |     3 |    39 |   143 |    38 ||   223
       Confuse           |       |       |    12 |       ||    12
       Cause Fear        |       |       |     1 |       ||     1
Invok: Call Merchant     |       |       |       |     1 ||     1
  Use: Scroll            |       |     7 |    13 |       ||    20
       Potion            |       |       |     2 |       ||     2
 Stab: Sleeping          |    20 |    33 |    77 |    19 ||   149
       Invisible         |       |       |     5 |       ||     5
       Confused          |       |       |     4 |       ||     4
  Eat: Chunk             |     2 |     5 |       |       ||     7
       Ration            |       |     3 |     7 |     2 ||    12
Armor: Skin              |    14 |     3 |    11 |       ||    28
Dodge: Dodged            |    59 |    48 |   233 |    16 ||   356
Block: Other             |       |    13 |       |       ||    13

Table legend:
 A = Spawn XP
 B = Non-spawn XP
 C = Spawn XP percentage of total XP
 D = Spawn monster count
 E = Non-spawn monster count
 F = Spawn count percentage of total count
 G = Total turns spent on level
                    A         B        C        D         E        F      G
               +---------+---------+-------+---------+---------+-------+---------
         Total |       0 |    7679 |   0.0 |       0 |     247 |   0.0 | 13971
               +---------+---------+-------+---------+---------+-------+---------
           D:1 |       0 |      33 |   0.0 |       0 |      15 |   0.0 |   941
           D:2 |       0 |      48 |   0.0 |       0 |      19 |   0.0 |   782
           D:3 |       0 |      55 |   0.0 |       0 |      23 |   0.0 |  1104
           D:4 |       0 |     340 |   0.0 |       0 |      11 |   0.0 |  1215
           D:5 |       0 |    1030 |   0.0 |       0 |      28 |   0.0 |  1844
           D:6 |       0 |    1006 |   0.0 |       0 |      78 |   0.0 |  3506
           D:7 |       0 |     925 |   0.0 |       0 |      26 |   0.0 |  1609
           D:8 |       0 |     849 |   0.0 |       0 |      23 |   0.0 |  1938
           D:9 |       0 |     328 |   0.0 |       0 |       5 |   0.0 |   212
        Lair:1 |       0 |    3065 |   0.0 |       0 |      19 |   0.0 |   767
               +---------+---------+-------+---------+---------+-------+---------
